 Dungeon Crawl Stone Soup version 0.28.0-43-g3370ac3207 (webtiles) character file.

Game seed: 3915148381373637007

26 crimpus the Skirmisher (level 2, 0/26 HPs)
             Began as a Demigod Fighter on Mar 11, 2022.
             Slain by a gnoll
             ... wielding a +0 halberd
              (11 damage)
             ... on level 2 of the Dungeon.
             The game lasted 00:01:55 (1167 turns).

crimpus the Skirmisher (Demigod Fighter)            Turns: 1167, Time: 00:01:56

Health: 0/26       AC:  6    Str: 17    XL:     2   Next: 69%
Magic:  4/4        EV:  9    Int: 10    God:
Gold:   65         SH:  4    Dex: 13    Spells: 1/1 levels left

rFire   . . .      SeeInvis .   a - +0 flail
rCold   . . .      Faith    .   c - +0 buckler
rNeg    . . .      Spirit   .   b - +0 scale mail
rPois   .          Reflect  .   (no helmet)
rElec   .          Harm     .   (no cloak)
rCorr   .          Rampage  .   (no gloves)
Will    .....                   (no boots)
Stlth   ..........              (no amulet)
HPRegen 0.08/turn               (no ring)
MPRegen 0.09/turn               (no ring)

@: no status effects
A: high MP 1, forlorn, divine attributes
a: no special abilities


You were on level 2 of the Dungeon.
You visited 1 branch of the dungeon, and saw 2 of its levels.

You collected 65 gold pieces.

Inventory:

Hand Weapons
 a - a +0 flail (weapon)
Armour
 b - a +0 scale mail (worn)
 c - a +0 buckler (worn)
Jewellery
 h - an amulet of magic regeneration
Scrolls
 g - 3 scrolls of identify {unknown}
Potions
 d - a potion of might
 e - a potion of haste {unknown}
 f - a potion of attraction {unknown}


   Skills:
 + Level 3.0 Fighting
 + Level 2.2 Maces & Flails
 + Level 3.0 Armour
 + Level 2.9 Shields


You had one spell level left.
You didn't know any spells.
Your spell library was empty.

Dungeon Overview and Level Annotations

Branches:
Dungeon (2/15)


Innate Abilities, Weirdness & Mutations

You have an increased reservoir of magic. (+10% MP)
You shall have no god before yourself.
Your divine heritage dramatically boosts your attributes as you level up.


Message History

You enter the shallow water.
Moving in this stuff is going to be slow.
Sorry, I don't know how to traverse that place.
You enter the shallow water.
Moving in this stuff is going to be slow.
You enter the shallow water.
Moving in this stuff is going to be slow.
You enter the shallow water.
Moving in this stuff is going to be slow.
You enter the shallow water.
Moving in this stuff is going to be slow.
There is a stone staircase leading down here.
There is a stone staircase leading down here.
You climb downwards.
There is a stone staircase leading up here.
Found a stone staircase leading down. 2 gnolls come into view.
The gnoll shouts! x2
The gnoll moves out of view.
A gnoll comes into view. It is wielding a +0 whip.
There are monsters nearby!
The gnoll closely misses you.
You barely miss the gnoll. You block the gnoll's attack.
You hit the gnoll but do no damage. The gnoll barely misses you.
The gnoll hits you from afar with a +0 halberd!
You sock the gnoll!
The gnoll is severely wounded.
The gnoll hits you with a +0 halberd.
The gnoll hits you from afar with a +0 halberd!
You block the gnoll's attack. The gnoll barely misses you. x2
The gnoll misses you. The gnoll barely misses you.
You hit the gnoll but do no damage. The gnoll closely misses you.
You barely miss the gnoll. The gnoll barely misses you. x2
You hit the gnoll.
The gnoll is moderately wounded.
The gnoll barely misses you. The gnoll hits you but does no damage.
You block the gnoll's attack.
The gnoll hits you from afar with a +0 halberd!
You die...

#.#.#. #.#..
###...### #.......
### #.##..#
###<###g##..#.##
#..........>$..#
###...g#####......
#.#.gg@# ......
#....#..........
#############...
... ##


You could see 3 gnolls.

Vanquished Creatures
  A dart slug (D:1)
  A ball python (D:1)
  3 endoplasms (D:1)
  3 giant cockroaches (D:1)
  2 goblins (D:1)
  2 hobgoblins (D:1)
  3 quokkas (D:1)
  A bat (D:1)
  2 frilled lizards (D:1)
  A kobold (D:1)
  2 rats (D:1)
21 creatures vanquished.

Notes
Turn   | Place    | Note
-------+----------+-------------------------------------------
     0 | D:1      | crimpus the Demigod Fighter began the quest for the Orb.
     0 | D:1      | Reached XP level 1. HP: 18/18 MP: 3/3
   371 | D:1      | Reached XP level 2. HP: 24/25 MP: 4/4
  1167 | D:2      | Slain by a gnoll

Illustrated notes

Levels and vault maps discovered:
D:1:      amcnicky_arrival_single_pillar, layout_loops_ring, kennysheep_boxes
D:2:      layout_basic, minmay_circled_x

Skill      XL: |  1  2 |
---------------+-------+-----
Maces & Flails | 2 |  2.2
Fighting       | 3 |  3.0
Armour         | 3 |  3.0
Shields        | |  2.9

Action                   || total
-------------------------++-------
Melee: Flail             ||    65
Armor: Scale mail        ||    26
Dodge: Dodged            ||    41
Block: Buckler           ||    10
